 Dungeon Crawl Stone Soup version 0.27-a0-96-gb51a1d6fd6 (webtiles) character file.

Game seed: 3798373454834964749

224 knot the Chopper (level 5, 41/41 HPs)
             Began as a Demonspawn Berserker on Jan 19, 2021.
             Was a Believer of Trog.
             Quit the game on level 3 of the Dungeon.
             The game lasted 00:02:47 (3055 turns).

knot the Chopper (Demonspawn Berserker)             Turns: 3055, Time: 00:02:48

Health: 41/41      AC:  7    Str: 17    XL:     5   Next: 67%
Magic:  5/5        EV: 10    Int: 10    God:    Trog [**....]
Gold:   171        SH:  0    Dex: 12    Spells: 4/4 levels left

rFire    . . .     SeeInvis .   a - +0 hand axe
rCold    . . .     Faith    .   (no shield)
rNeg     . . .     Spirit   .   p - +1 scale mail
rPois    .         Reflect  .   (helmet restricted)
rElec    .         Harm     .   (no cloak)
rCorr    .         Rampage  .   (no gloves)
Will     .....                  (no boots)
Stlth    ..........             (no amulet)
HPRegen  0.13/turn              (no ring)
MPRegen  0.09/turn              (no ring)

@: no status effects
A: antennae 1, powered by death 1, spiny 1
a: Renounce Religion, Berserk, Trog's Hand


You were on level 3 of the Dungeon.
You worshipped Trog.
Trog was pleased with you.
You visited 1 branch of the dungeon, and saw 3 of its levels.

You collected 171 gold pieces.

Inventory:

Hand Weapons
 a - a +0 hand axe (weapon)
Missiles
 f - 123 stones
 g - 5 poisoned darts (quivered)
Armour
 p - a +1 scale mail (worn)
Scrolls
 b - a scroll of amnesia {unknown}
 c - a scroll of identify
 h - 2 scrolls of teleportation
 m - 2 scrolls of remove curse
Potions
 d - 2 potions of ambrosia {unknown}
 e - a potion of lignification {unknown}
 j - 2 potions of haste {unknown}
 k - 2 potions of invisibility {unknown}
 l - a potion of might {unknown}
 n - a potion of heal wounds {unknown}
 o - a potion of attraction


   Skills:
 - Level 3.0 Fighting
 * Level 4.6 Axes
 * Level 3.3 Throwing
 - Level 1.7 Armour
 - Level 1.7 Dodging


You had 4 spell levels left.
You didn't know any spells.
Your spell library was empty.

Dungeon Overview and Level Annotations

Branches:
Dungeon (3/15)

Altars:
Nemelex Xobeh


Innate Abilities, Weirdness & Mutations

You have a pair of small antennae on your head.
You regenerate a little health from kills.
You are partially covered in sharp spines.


Message History

Throw: 6 darts (poison)
Press: ? - help, Q - select action, (/) - cycle Shift-Dir - straight line, f/p - sky beast
Aim: a sky beast (heavily wounded, very poisoned)
You throw a poisoned dart. The poisoned dart hits the sky beast.
The sky beast looks even sicker.
The sky beast is heavily wounded.
You barely miss the sky beast.
The sky beast is severely wounded.
The sky beast barely misses you.
You hit the sky beast.
The sky beast is almost dead.
The sky beast hits you but does no damage.
You hit the sky beast.
You kill the sky beast!
Trog accepts your kill.
Your Throwing skill increases to level 3!
You have reached level 5!
Your demonic ancestry asserts itself...
Sharp spines emerge from parts of your body.
Are you sure you want to abandon this character and quit the game? (Confirm with "yes".)

.# #.# #.# ###.# #.... #.#.#
#############################...#
.....).#...................##..##
###.####..#...#...#...#...##.....
#.# #_.......@(..((.........##
#.# #..#...#...#...#...###..# #.#
#...................##..# #
#.#########################..#
###.##...................<# #..#
..........####..#########.# #..#
##......#.# #..#########.###..#
........#.# #.................#
##..<...#.####...###############


There were no monsters in sight!

Vanquished Creatures
  A sky beast (D:3)
  Robin (D:2)
  6 adders
  2 oozes (D:2)
  2 worms (D:2)
  2 dart slugs
  A leopard gecko (D:1)
  6 bats
  A giant cockroach (D:2)
  13 goblins
  7 hobgoblins
  A jackal (D:2)
  6 frilled lizards
  2 kobolds
  3 rats (D:1)
54 creatures vanquished.

Notes
Turn   | Place    | Note
-------+----------+-------------------------------------------
     0 | D:1      | knot the Demonspawn Berserker began the quest for the Orb.
     0 | D:1      | Reached XP level 1. HP: 18/18 MP: 1/1
   256 | D:1      | Reached skill level 3 in Axes
   275 | D:1      | Gained mutation: You regenerate a little health from kills.
                  | [demonic ancestry]
   275 | D:1      | Reached XP level 2. HP: 15/24 MP: 2/2
   616 | D:1      | Reached skill level 1 in Throwing
   979 | D:2      | Reached ** piety under Trog
  1102 | D:2      | Reached XP level 3. HP: 25/29 MP: 3/3
  1714 | D:2      | Noticed Robin
  1727 | D:2      | Killed Robin
  1728 | D:2      | Gained mutation: You have a pair of small antennae on your
                  | head. [demonic ancestry]
  1728 | D:2      | Reached XP level 4. HP: 35/35 MP: 4/4
  2370 | D:2      | Reached skill level 4 in Axes
  3013 | D:3      | Found a sparkling altar of Nemelex Xobeh.
  3031 | D:3      | Noticed a sky beast
  3054 | D:3      | Killed a sky beast
  3055 | D:3      | Gained mutation: You are partially covered in sharp spines.
                  | [demonic ancestry]
  3055 | D:3      | Reached XP level 5. HP: 41/41 MP: 5/5
  3055 | D:3      | Quit the game

Illustrated notes

Levels and vault maps discovered:
D:1:      saegor_arrival_simple_b, layout_basic, minmay_pentomino_z4
D:2:      layout_rooms, kennysheep_generic_room_8, uniq_robin
D:3:      layout_loops_ring, lemuel_coloured_pillars_altar,
          portal_sewer_entry_d, uniq_ijyb, uniq_grinder

Skill      XL: |  1  2  3  4 |
---------------+-------------+-----
Axes           | 3 4 |  4.6
Throwing       | 1 2 3 |  3.3
Fighting       | |  3.0
Armour         | |  1.7
Dodging        | |  1.7

Action                   |  1- 3 |  4- 6 || total
-------------------------+-------+-------++-------
Melee: Hand axe          |   116 |    61 ||   177
Throw: Dart              |       |     5 ||     5
Invok: Berserk           |     3 |       ||     3
       Trog's Hand       |     1 |       ||     1
  Use: Scroll            |       |     5 ||     5
 Stab: Sleeping          |     1 |       ||     1
Armor: Animal skin       |    23 |       ||    23
       Scale mail        |       |    23 ||    23
Dodge: Dodged            |    80 |    27 ||   107

Table legend: (Time is in decaauts)
 A = Elapsed time spent in this place.
 B = Non-inter-level travel time spent in this place.
 C = Inter-level travel time spent in this place.
 D = Time resting spent in this place.
 E = Time spent auto-exploring this place.
 F = Levels seen in this place.
 G = Mean time per level.
                   A        B        C        D        E       F      G
               +--------+--------+--------+--------+--------+-----+--------+
         Total |   3106 |   3083 |     23 |    343 |   2346 |   3 | 1035.3 |
       Dungeon |   3106 |   3083 |     23 |    343 |   2346 |   3 | 1035.3 |
               +--------+--------+--------+--------+--------+-----+--------+

Top non-repeatable levels by time:
     D:2: 1659 daAuts
     D:1: 980 daAuts
     D:3: 467 daAuts
